Map: Lightshade LE

Players

Astrea - Winner!

  • Race: Protoss Protoss
  • League: Master
  • Spawn Location: 11:00

LiquidMaNa (MaNa)

  • Race: Protoss Protoss
  • League: Master
  • Spawn Location: 5:00

Event: Cheeseadelphia Winter Championship 2021

VOD

Have the link to the VOD?

Description

Time

  • Played on: Jan. 23, 2021, 6:21 p.m.
  • Length: 8:48

All games in this series

Show
View Real Time Build Order
Export as new Build Order

Astrea Protoss - Winner!

Build Orders: Phoenix Opening 

Get SALT Encoding   

  12  0:00  Probe  
  13  0:12  Probe  
  14  0:17  Pylon  
  14  0:24  Probe (Chrono Boost)  
  15  0:36  Gateway, Probe (Chrono Boost)  
  16  0:44  Probe (Chrono Boost)  
  16  0:46  Assimilator  
  17  0:51  Probe  
  17  0:54  Assimilator  
  18  1:03  Probe (Chrono Boost)  
  19  1:09  Gateway  
  19  1:13  Probe (Chrono Boost)  
  19  1:18  Probe (Chrono Boost)  
  20  1:23  Cybernetics Core  
  21  1:29  Probe  
  22  1:33  Pylon  
  22  1:41  Probe  
  23  1:53  Probe  
  24  1:59  Stalker  
  24  2:00  Stalker, Warp Gate  
  28  2:05  Probe  
  29  2:11  Pylon  
  29  2:24  Stargate  
  29  2:35  Adept x2  
  33  2:38  Probe  
  34  3:04  Pylon  
  34  3:09  Phoenix (Chrono Boost)  
  34  3:12  Shield Battery  
  36  3:13  Zealot  
  38  3:22  Gateway  
  38  3:26  Phoenix (Chrono Boost)  
  39  3:42  Pylon  
  39  3:44  Phoenix (Chrono Boost)  
  41  3:48  Stalker  
  41  3:50  Stalker  
  45  4:08  Phoenix (Chrono Boost)  
  41  4:31  Nexus  
  41  4:32  Phoenix (Chrono Boost)  
  41  4:38  Probe  
  44  4:49  Pylon  
  44  4:50  Probe  
  45  4:56  Phoenix  
  47  5:03  Probe  
  47  5:05  Sentry  
  50  5:15  Probe  
  50  5:20  Robotics Facility  
  51  5:27  Probe (Chrono Boost)  
  52  5:38  Phoenix  
  52  5:39  Probe (Chrono Boost)  
  55  5:43  Probe (Chrono Boost)  
  55  5:49  Stalker, Probe  
  58  5:50  Zealot  
  58  5:54  Probe  
  55  6:01  Probe  
  56  6:06  Probe (Chrono Boost)  
  57  6:12  Observer  
  57  6:18  Probe x2 (Chrono Boost)  
  61  6:26  Probe (Chrono Boost)  
  61  6:27  Probe (Chrono Boost)  
  61  6:28  Nexus  
  62  6:33  Twilight Council  
  62  6:36  Probe  
  62  6:37  Probe  
  64  6:44  Immortal (Chrono Boost)  
  68  6:48  Probe  
  68  6:49  Probe  
  68  6:52  Pylon  
  70  7:00  Probe  
  71  7:05  Gateway, Charge (Chrono Boost)  
  71  7:09  Probe  
  71  7:12  Probe  
  73  7:18  Shield Battery  
  73  7:21  Immortal  
  77  7:24  Probe  
  77  7:28  Probe  
  79  7:32  Zealot x2  
  79  7:37  Zealot  
  81  7:49  Probe  
  76  7:56  Zealot x2  
  76  7:57  Zealot  
  82  8:00  Immortal, Probe  
  83  8:07  Zealot  
  83  8:09  Phoenix  
  86  8:17  Zealot x3  
  89  8:31  Zealot  
  91  8:39  Zealot x3  
Show
View Real Time Build Order
Export as new Build Order

LiquidMaNa Protoss 

Build Orders:  

Get SALT Encoding   

  12  0:00  Probe  
  13  0:12  Probe  
  14  0:17  Pylon  
  14  0:24  Probe (Chrono Boost)  
  15  0:36  Probe (Chrono Boost)  
  15  0:37  Gateway  
  16  0:44  Probe (Chrono Boost)  
  16  0:46  Assimilator  
  17  0:51  Probe  
  17  0:54  Assimilator  
  18  1:03  Probe (Chrono Boost)  
  19  1:08  Gateway  
  19  1:15  Probe (Chrono Boost)  
  20  1:22  Probe (Chrono Boost)  
  21  1:26  Cybernetics Core  
  21  1:29  Probe  
  22  1:38  Pylon  
  22  1:41  Probe  
  23  1:56  Probe  
  24  2:02  Robotics Facility  
  24  2:03  Warp Gate  
  28  2:15  Stalker x2  
  28  2:17  Pylon  
  28  2:26  Probe  
  28  2:45  Stalker x2  
  28  2:51  Immortal (Chrono Boost)  
  36  3:04  Gateway  
  36  3:10  Pylon  
  36  3:22  Warp Prism (Chrono Boost)  
  38  3:51  Observer  
  38  3:55  Nexus  
  39  3:59  Sentry x2  
  37  4:23  Stalker x3  
  39  4:30  Shield Battery  
  39  4:33  Probe  
  40  4:44  Pylon  
  40  4:52  Pylon  
  40  5:02  Probe  
  40  5:05  Adept  
  40  5:06  Twilight Council  
  43  5:07  Adept  
  45  5:14  Probe  
  45  5:17  Probe  
  47  5:26  Probe  
  48  5:30  Probe  
  48  5:32  Stalker  
  51  5:38  Probe  
  51  5:42  Blink (Chrono Boost), Probe  
  50  5:50  Probe  
  50  5:54  Probe  
  50  5:59  Stalker  
  50  6:00  Stalker  
  50  6:03  Probe (Chrono Boost)  
  52  6:06  Probe (Chrono Boost)  
  48  6:15  Probe (Chrono Boost)  
  48  6:18  Probe (Chrono Boost)  
  50  6:20  Stalker  
  50  6:23  Probe (Chrono Boost)  
  50  6:24  Probe (Chrono Boost)  
  54  6:31  Probe (Chrono Boost)  
  54  6:32  Probe (Chrono Boost), Forge  
  56  6:44  Probe (Chrono Boost)  
  56  6:46  Probe (Chrono Boost)  
  58  6:48  Stalker x3  
  64  6:56  Gateway  
  64  7:00  Gateway  
  64  7:05  Gateway  
  64  7:18  Sentry x2  
  64  7:19  Sentry  
  64  7:22  Pylon  
  70  7:23  Pylon  
  55  7:53  Stalker x4  
  55  7:55  Assimilator  
  55  7:57  Zealot  
  65  8:00  Zealot  
  65  8:17  Stalker  
  65  8:18  Stalker x2, Zealot x2  
  75  8:22  Zealot  
  77  8:40  Stalker x2  
Tags
 
Add a new tag
Caveats
  • Supply blocks, unpowered buildings, or Contaminate may cause inaccurate times.
  • Supply counts are checked every 10 seconds.